 Dungeon Crawl Stone Soup version 0.27.1-1-g398f81649c (webtiles) character file.

Game seed: 14910793587682090652

187706 ZARRMARR the Imperceptible (level 18, -8/201 HPs)
             Began as an Octopode Monk on Sept 9, 2021.
             Was an Elder of Sif Muna.
             Mangled by a spriggan berserker (23 damage)
             ... on level 2 of the Depths.
             The game lasted 06:44:46 (61622 turns).

ZARRMARR the Imperceptible (Octopode Monk)         Turns: 61622, Time: 06:44:47

Health: -8/201     AC: 29    Str: 37    XL:     18   Next: 52%
Magic:  3/32       EV:  2    Int: 34    God:    Sif Muna [****..]
Gold:   1349       SH:  0    Dex: 24    Spells: 32/37 levels left

rFire    . . .     SeeInvis .   E - +5 dagger of Nant {flame, Str+6}
rCold    . . .     Faith    .   h - +3 buckler {reflect}
rNeg     + + +     Spirit   .   (helmet currently unavailable)
rPois    +         Reflect  +   n - amulet of the acrobat
rElec    .         Harm     .   c - ring of the Princeling {Int+6 Dex+4 Stlth+}
rCorr    .         Rampage  .   I - +6 ring of intelligence
Will     +....     NoTele   +   U - ring "Fual Jod" {rPois rN+ Int+4}
Stlth    ++++......             e - +6 ring of dexterity
HPRegen  0.43/turn              k - +6 ring of strength
MPRegen  0.23/turn              Q - +4 ring of evasion
                                B - +6 ring of strength
                                Z - +6 ring of strength

@: confused, tree-form, ambrosia-drunk, studying Fighting
A: stationary, stasis, torment immunity, boosted hp, almost no armour,
(amphibious), 8 rings, (camouflage 1), (gelatinous body 1), (nimble swimmer 1),
(tentacles)
a: Renounce Religion, Channel Magic, Forget Spell, Divine Exegesis


You were on level 2 of the Depths.
You worshipped Sif Muna.
Sif Muna was greatly pleased with you.
You were a tree.
You visited 7 branches of the dungeon, and saw 31 of its levels.
You also visited: Gauntlet and Volcano.

You collected 3429 gold pieces.
You spent 2080 gold pieces at shops.

Inventory:

Hand Weapons
 E - the +5 dagger of Nant (weapon) {flame, Str+6}
   (You found it on level 1 of the Orcish Mines)

   It burns those it strikes, dealing additional fire damage.
   Str:       It affects your strength (+6).
Missiles
 i - 9 throwing nets
 j - 5 curare-tipped darts
 G - 17 silver javelins (quivered)
 J - 58 boomerangs
 L - 3 boomerangs of dispersal
Armour
 h - a +3 buckler of reflection (worn)
Jewellery
 c - the ring of the Princeling (left branch) {Int+6 Dex+4 Stlth+}
   (You acquired it on level 2 of the Dungeon)

   [ring of intelligence]

   Int:       It affects your intelligence (+6).
   Dex:       It affects your dexterity (+4).
   Stlth:     It makes you more stealthy.
 d - a ring of protection from cold
 e - a +6 ring of dexterity (on tentacle)
 f - a ring of protection from fire
 k - a +6 ring of strength (on tentacle)
 l - a ring of positive energy
 m - a ring of positive energy
 n - an amulet of the acrobat (around neck)
 t - a ring of protection from fire
 w - a ring of resist corrosion
 y - a ring of protection from fire
 B - a +6 ring of strength (on tentacle)
 I - a +6 ring of intelligence (right branch)
 M - a ring of willpower
 Q - a +4 ring of evasion (on tentacle)
 U - the ring "Fual Jod" (on tentacle) {rPois rN+ Int+4}
   (You acquired it on level 2 of the Shoals)

   [ring of poison resistance]

   Int:       It affects your intelligence (+4).
   rPois:     It protects you from poison.
   rN:        It protects you from negative energy.
 Y - a ring of flight
 Z - a +6 ring of strength (on tentacle)
Wands
 a - a wand of digging (15)
 b - a wand of mindburst (7)
 o - a wand of paralysis (19)
 r - a wand of acid (28)
 A - a wand of iceblast (16)
Scrolls
 g - 2 scrolls of blinking
 u - 3 scrolls of magic mapping
 x - 4 scrolls of teleportation
 z - 3 scrolls of torment
 C - 2 scrolls of brand weapon
 D - 3 scrolls of vulnerability
 N - 3 scrolls of immolation
 O - 3 scrolls of identify
 R - a scroll of enchant armour
 T - 3 scrolls of fog
Potions
 q - a potion of lignification
 s - a potion of invisibility
 v - 4 potions of attraction
 F - 4 potions of curing
 K - 4 potions of brilliance
 P - 4 potions of ambrosia
 S - 5 potions of mutation
Miscellaneous
 p - a condenser vane (inert)
 H - a piece from Xom's chessboard (15/15)
 V - a lightning rod (4/4)
 W - a phial of floods (inert)
 X - a phantom mirror


   Skills:
 + Level 15.3 Fighting
 - Level 10.0 Short Blades
 + Level 14.5 Dodging
 + Level 21.5 Stealth
 - Level 6.5 Shields
 + Level 10.4 Spellcasting
 + Level 11.2 Air Magic
 + Level 11.7 Invocations


You had 32 spell levels left.
You knew the following spells:

 Your Spells              Type           Power      Damage    Failure   Level
a - Airstrike             Air            38%        N/A       1%          4
c - Apportation           Tloc           34%        N/A       2%          1

Your spell library contained the following spells:

 Spells                   Type           Power      Damage    Failure   Level
 Shock                    Conj/Air       100%       1d9       1%          1
 Corpse Rot               Necr/Air       N/A        N/A       1%          2
 Poisonous Vapours        Pois/Air       100%       N/A       1%          2
 Static Discharge         Conj/Air       54%        N/A       1%          2
 Mephitic Cloud           Conj/Pois/Air  43%        N/A       1%          3
 Swiftness                Air            76%        N/A       1%          3
 Foxfire                  Conj/Fire      68%        2x1d7     2%          1
 Magic Dart               Conj           68%        1d6       2%          1
 Sandblast                Erth           34%        2d9       2%          1
 Sting                    Tmut/Pois      68%        1d6       2%          1
 Summon Small Mammal      Summ           68%        N/A       2%          1
 Summon Lightning Spire   Summ/Air       54%        N/A       2%          4
 Blink                    Tloc           N/A        N/A       3%          2
 Call Imp                 Summ           17%        N/A       3%          2
 Passwall                 Tmut/Erth      14%        N/A       3%          2
 Searing Ray              Conj           34%        3d4       3%          2
 Lightning Bolt           Conj/Air       27%        1d43      7%          5
 Silence                  Hex/Air        27%        N/A       7%          5
 Conjure Flame            Conj/Fire      17%        6-21      8%          3
 Dazzling Flash           Conj/Hex       34%        N/A       8%          3
 Frozen Ramparts          Ice            34%        1d5       8%          3
 Gell's Gravitas          Tloc           8%         N/A       8%          3
 Ignite Poison            Fire/Tmut/Pois 17%        N/A       8%          3
 Inner Flame              Hex/Fire       17%        N/A       8%          3
 Portal Projectile        Hex/Tloc       34%        N/A       8%          3
 Stone Arrow              Conj/Erth      34%        3d9       8%          3
 Summon Guardian Golem    Hex/Summ       17%        N/A       8%          3
 Dispel Undead            Necr           17%        3d10      26%         4
 Fulminant Prism          Conj/Hex       8%         3d7       26%         4
 Hailstorm                Conj/Ice       17%        3d6       26%         4
 Leda's Liquefaction      Hex/Erth       8%         N/A       26%         4
 Olgreb's Toxic Radiance  Pois           17%        N/A       26%         4
 Passage of Golubria      Tloc           N/A        N/A       26%         4
 Petrify                  Tmut/Erth      17%        N/A       26%         4
 Summon Ice Beast         Ice/Summ       17%        N/A       26%         4
 Conjure Ball Lightning   Conj/Air       27%        3x3d8     36%         6
 Agony                    Necr           17%        N/A       56%         5
 Alistair's Intoxication  Tmut/Pois      11%        N/A       56%         5
 Bolt of Magma            Conj/Fire/Erth 8%         4d6       56%         5
 Irradiate                Conj/Tmut      8%         3d16      56%         5
 Iskenderun's Battlesphe  Conj           17%        2d7       56%         5
 Lee's Rapid Deconstruct  Erth           8%         3d8*      56%         5
 Manifold Assault         Tloc           17%        N/A       56%         5
 Summon Mana Viper        Hex/Summ       17%        N/A       56%         5
 Storm Form               Tmut/Air       27%        N/A       91%         7
 Death Channel            Necr           8%         N/A       98%         6
 Dispersal                Tloc           8%         N/A       98%         6
 Iron Shot                Conj/Erth      8%         9d3       98%         6
 Shadow Creatures         Summ           N/A        N/A       98%         6
 Simulacrum               Ice/Necr       8%         N/A       98%         6
 Haunt                    Necr/Summ      8%         N/A       100%        7
 Malign Gateway           Summ/Tloc      8%         N/A       100%        7
 Monstrous Menagerie      Summ           8%         N/A       100%        7
 Spellforged Servitor     Conj/Summ      8%         N/A       100%        7
 Summon Hydra             Summ           8%         N/A       100%        7
 Discord                  Hex            8%         N/A       100%        8
 Disjunction              Tloc           8%         N/A       100%        8
 Lehudib's Crystal Spear  Conj/Erth      8%         10d4      100%        8
 Chain Lightning          Conj/Air       27%        3d36      100%        9
 Shatter                  Erth           8%         3d10*     100%        9
 Animate Armour           Summ/Erth      Unusable   N/A       N/A         4

Dungeon Overview and Level Annotations

Branches:
Dungeon (15/15)            Temple (1/1) D:5            Lair (6/6) D:8
 Shoals (4/4) Lair:2        Snake (1/4) Lair:4        Slime (0/5) Lair:6
    Orc (2/2) D:9             Elf (0/3) Orc:2        Vaults (0/5) D:13
 Depths (2/5) D:15        Volcano (visited)         Gauntlet (visited)

Altars:
Ashenzari
Cheibriados
Dithmenos
Elyvilon
Fedhas
Gozag
Hepliaklqana
Kikubaaqudgha
Makhleb
Nemelex Xobeh
Okawaru
Qazlal
Ru
Sif Muna
Trog
Uskayaw
Vehumet
Wu Jian
Xom
Yredelemnul
Zin
The Shining One
Beogh

Shops:
D:7 :   D:12 *   D:14 (   Orc:2 :[[((   Shoals:2 [

Portals:
Hell: Depths:1
Trove: D:14 (give 8 scrolls of blinking)

Annotations:
D:9 exclusion: downstairs
Lair:4 exclusion: downstairs
Lair:5 exclusion: downstairs
Shoals:1 exclusion: downstairs
Shoals:3 exclusion: 3 downstairs
Orc:1 exclusion: 2 downstairs
Depths:1 3 runed translucent doors


Innate Abilities, Weirdness & Mutations

You are a tree.
Your roots penetrate the ground, keeping you stationary.
You cannot be teleported.
You are immune to unholy pain and torment.
Your maximum health is greatly increased.
You cannot wear most types of armour.
((You are amphibious.))
You can wear up to eight rings at the same time.
((Your skin changes colour to match your surroundings (Stealth+).))
((Your rubbery body absorbs attacks. (AC +1, EV +1)))
((You are camouflaged near water. (Stealth+)))
((You have tentacles for arms and can constrict up to eight enemies at once.))


Message History

You hit the spriggan berserker. You burn the spriggan berserker.
The spriggan berserker is almost dead.
The spriggan berserker utters an invocation to Trog.
The spriggan berserker goes berserk!
You hit the spriggan berserker. You burn the spriggan berserker.
The spriggan berserker is almost dead.
The spriggan berserker hits you with a +2 antimagic war axe!!
You feel your power leaking away.
You hit the spriggan berserker. You burn the spriggan berserker.
The spriggan berserker is almost dead.
The spriggan berserker hits you with a +2 antimagic war axe!!
You feel your power leaking away.
You hit the spriggan berserker. You burn the spriggan berserker.
The spriggan berserker is almost dead.
You completely miss the spriggan berserker.
The spriggan berserker is almost dead.
The spriggan berserker hits you with a +2 antimagic war axe!!!
* * * LOW HITPOINT WARNING * * *
You feel your power leaking away.
Casting: Airstrike (safe; 1% risk of failure)
Confirm with . or Enter, or press ? or * to list all spells.
You don't have enough magic to cast this spell.
Unknown command.
Unknown command.
Unknown command.
Press: ? - help, v - describe, . - travel
Here: a spriggan berserker, wielding a +2 antimagic war axe and wearing a +0 animal skin (almost dead, berserk)
The floor, spattered with blood.
You closely miss the spriggan berserker.
The spriggan berserker is almost dead.
The spriggan berserker hits you with a +2 antimagic war axe!
* * * LOW HITPOINT WARNING * * *
You hit the spriggan berserker but do no damage.
The spriggan berserker is almost dead.
The spriggan berserker hits you with a +2 antimagic war axe!!
* * * LOW HITPOINT WARNING * * *
You are confused.
You feel invigorated.
The spriggan berserker hits you with a +2 antimagic war axe!!
You die...

♣♣♣♣♣ ♣♣♣♣♣
♣P..♣♣♣♣...♣♣♣
####......♣♣♣..♣♣
#))#...♣♣♣♣
♣♣♣.♣♣ #..♣..♣♣♣
♣♣..♣ #.i#....♣
♣♣♣.♣..♣
####♣.♣♣♣
♣♣..♣♣♣♣..
♣♣...♣♣ ♣♣♣.♣♣♣
♣♣ ♣.P.P♣ ♣...♣
♣..♣♣♣♣♣♣..♣♣
♣♣♣♣ ♣...♣♣♣
♣♣♣♣..♣ ♣♣.♣


You could see a spriggan berserker (berserk).

Vanquished Creatures
  A lich (Depths:1)
  2 krakens
  A sphinx (Shoals:4)
  A tengu reaver (Depths:1)
  Donald (Orc:2)
  Ilsuiw (Shoals:3)
  A fire giant (Depths:1)
  An orc warlord (D:9)
  A balrug (Depths:1)
  4 stone giants (Depths:1)
  Nessos (D:12)
  2 minotaurs
  The ghost of pkoi the Grappler, a journeyman TrMo of Xom (Lair:4)
  2 spark wasps (Depths:1)
  A fire dragon (Depths:1)
  A great orb of eyes (Depths:1)
  2 merfolk javelineers (Shoals:3)
  4 merfolk impalers
  Josephine (D:14)
  A vault guard (D:13)
  13 hydras
  6 boulder beetles
  A catoblepas (Gauntlet)
  3 ice dragons (Depths:1)
  A spriggan air mage (Depths:1)
  8 centaur warriors
  An alligator snapping turtle (Shoals:3)
  Erica (D:9)
  10 two-headed ogres
  4 merfolk avatars
  2 death knights
  A deep troll earth mage (Depths:1)
  4 satyrs
  A spriggan berserker (Depths:2)
  3 death yaks
  3 tengu warriors
  Sonja (D:10)
  A hell knight (Volcano)
  A skeletal warrior (D:13)
  12 sea snakes
  4 sixfirhies (Gauntlet)
  A glowing orange brain (Depths:1)
  3 wizards
  3 deep elf pyromancers
  A lindwurm (Lair:5)
  11 orc knights
  Pikel (D:6)
  The ghost of Ravenswing17 the Grasshopper, a novice GnWr (D:6)
  A mana viper (Snake:1)
  13 harpies
  A necromancer (D:13)
  A phantasmal warrior (D:13)
  14 cyclopes
  15 fauns
  10 oklob plants
  12 ugly things
  3 orc sorcerers (Orc:1)
  17 manticores
  2 salamanders
  A faun (shapeshifter) (D:15)
  Maurice (D:8)
  13 elephants
  A moth of wrath (Lair:4)
  3 molten gargoyles (Volcano)
  13 merfolk sirens
  5 water nymphs
  11 cane toads
  2 smoke demons (Depths:1)
  3 black mambas
  5 gargoyles
  A rime drake (shapeshifter) (D:15)
  2 efreet
  An unseen horror (D:11)
  4 freezing wraiths
  5 rime drakes
  A kobold demonologist (D:9)
  10 komodo dragons
  21 merfolk
  6 trolls
  5 wind drakes
  3 polar bears
  2 hornets
  11 dream sheep
  15 blink frogs
  Grinder (D:6)
  4 snapping turtles
  18 slime creatures
  A meliai zombie (D:11)
  A centaur simulacrum (D:15)
  8 wraiths
  5 shadows
  7 wyverns
  2 vampires
  5 spriggans (Lair:4)
  3 water elementals (Depths:1)
  20 humans (D:13)
  48 yaks
  12 vampire mosquitoes
  5 basilisks
  7 wargs
  A naga (Lair:4)
  15 water moccasins
  42 orc warriors
  A necrophage (D:6)
  A sky beast (D:6)
  2 black bears
  12 ogres
  3 boggarts (D:14)
  11 wolves
  16 centaurs
  A phantom (D:4)
  2 kobold brigands (D:9)
  11 bullfrogs
  4 scorpions
  A wyvern zombie (D:7)
  A water moccasin zombie (D:4)
  2 killer bees (D:9)
  17 wights
  An electric eel (D:10)
  5 howler monkeys
  A bullfrog zombie (D:6)
  5 centaur zombies
  2 hounds (D:4)
  A jelly (D:7)
  Crazy Yiuf (D:6)
  15 orc priests
  Jessica (D:2)
  2 gnoll shamans
  Natasha (D:2)
  An iguana (D:6)
  16 orc wizards
  A killer bee zombie (D:8)
  A hound skeleton (D:4)
  9 gnolls
  5 adders
  4 shadow imps
  An ufetubus (D:10)
  A worm (D:3)
  5 dart slugs
  88 orcs
  3 ball pythons
  2 endoplasms
  3 goblins
  4 hobgoblins
  2 jackals (D:1)
  18 kobolds
  4 quokkas
  2 bats (D:1)
  3 frilled lizards
  3 rats
867 creatures vanquished.

Vanquished Creatures (collateral kills)
  An orc (D:8)
1 creature vanquished.

Vanquished Creatures (others)
  A deep elf pyromancer (D:9)
  A cyclops (Volcano)
  42 fungi
  133 plants
  81 tentacles
258 creatures vanquished.

Grand Total: 1126 creatures vanquished

Notes
Turn   | Place    | Note
-------+----------+-------------------------------------------
     0 | D:1      | ZARRMARR the Octopode Monk began the quest for the Orb.
     0 | D:1      | Reached XP level 1. HP: 16/16 MP: 1/1
   150 | D:1      | Reached skill level 3 in Stealth
   150 | D:1      | Reached XP level 2. HP: 16/21 MP: 2/2
   642 | D:1      | Reached XP level 3. HP: 26/26 MP: 3/3
   691 | D:1      | Found a faded altar of an unknown god.
  1291 | D:2      | Noticed Jessica
  1296 | D:2      | Killed Jessica
  1297 | D:2      | Reached XP level 4. HP: 31/31 MP: 4/4
  1409 | D:2      | Reached skill level 4 in Stealth
  1633 | D:2      | Noticed Natasha
  1641 | D:2      | Killed Natasha
  1823 | D:2      | Identified a scroll of acquirement
  1823 | D:2      | Acquired the ring of the Princeling {Int+6 Dex+4 Stlth+}
  1924 | D:3      | Reached XP level 5. HP: 37/37 MP: 5/5
  2219 | D:3      | Reached skill level 1 in Shields
  2360 | D:4      | Noticed a phantom
  2370 | D:4      | Killed a phantom
  2622 | D:4      | Reached XP level 6. HP: 43/43 MP: 6/6
  2688 | D:4      | Reached skill level 5 in Stealth
  2735 | D:4      | Found an ornate altar of the Wu Jian Council.
  3086 | D:4      | Reached XP level 7. HP: 49/49 MP: 7/7
  3385 | D:5      | Entered Level 5 of the Dungeon
  3811 | D:5      | Found a staircase to the Ecumenical Temple.
  3821 | Temple   | Entered the Ecumenical Temple
  4091 | Temple   | Became a worshipper of Sif Muna the Loreminder
  4091 | Temple   | Reached * piety under Sif Muna
  4091 | Temple   | Reached ** piety under Sif Muna
  4397 | D:6      | Noticed Grinder
  4532 | D:5      | Reached skill level 6 in Stealth
  4865 | D:6      | Noticed Ravenswing17's ghost (novice GnWr)
  4904 | D:6      | Reached skill level 5 in Fighting
  4904 | D:6      | Reached skill level 5 in Dodging
  4904 | D:6      | Reached XP level 8. HP: 14/55 MP: 8/8
  5176 | D:6      | Reached skill level 5 in Short Blades
  5195 | D:6      | Found a runed translucent door.
  5196 | D:6      | Noticed Crazy Yiuf
  5302 | D:6      | Reached skill level 7 in Stealth
  5373 | D:6      | Found a transporter.
  5408 | D:6      | Noticed a troll
  5410 | D:6      | Found a transporter.
  5731 | D:6      | Killed Crazy Yiuf
  5734 | D:6      | Identified the +4 mace of Giammes {drain, +Rage rN+ Int+4
                  | SInv}
  5809 | D:7      | Found Cykhleg's Self-Improvement Boutique.
  6259 | D:7      | Reached *** piety under Sif Muna
  6373 | D:7      | Reached XP level 9. HP: 57/62 MP: 9/9
  6392 | D:7      | Reached skill level 8 in Stealth
  7492 | D:8      | Found a staircase to the Lair.
  7639 | D:8      | Noticed Maurice
  7674 | D:9      | Reached skill level 9 in Stealth
  7703 | D:9      | Noticed a deep elf pyromancer
  7714 | D:9      | Noticed a kobold demonologist
  7718 | D:9      | Noticed a red devil
  7739 | D:8      | Killed Maurice
  7946 | D:8      | Reached XP level 10. HP: 71/71 MP: 10/10
  8076 | D:9      | Noticed a centaur warrior
  8380 | D:6      | Killed Grinder
  8512 | Lair:1   | Entered Level 1 of the Lair of Beasts
  8516 | Lair:1   | Reached **** piety under Sif Muna
  8517 | Lair:1   | Reached skill level 10 in Stealth
  8579 | Lair:1   | Noticed a cane toad
  8586 | Lair:1   | Killed a cane toad
  9338 | Lair:1   | Noticed an oklob plant
  9545 | Lair:1   | Noticed an oklob plant
  9819 | Lair:1   | Killed an oklob plant
 10303 | Lair:2   | Reached skill level 11 in Stealth
 10440 | Lair:2   | Noticed a cane toad
 10485 | Lair:2   | Killed a cane toad
 10638 | Lair:2   | Noticed a merfolk siren
 10638 | Lair:2   | Noticed a cane toad
 10646 | Lair:2   | Noticed a black mamba
 10869 | D:6      | Noticed Pikel
 10878 | D:6      | Killed Pikel
 10879 | D:6      | Reached XP level 11. HP: 56/78 MP: 11/11
 11119 | D:8      | Killed a centaur warrior
 11461 | D:9      | Noticed a deep elf pyromancer
 11463 | D:9      | Noticed a tengu warrior
 11471 | D:10     | Entered Level 10 of the Dungeon
 11536 | D:10     | Noticed Sonja
 11541 | D:10     | Killed Sonja
 11542 | D:10     | Reached skill level 12 in Stealth
 11730 | D:10     | Noticed a two-headed ogre
 11734 | D:10     | Killed a two-headed ogre
 11820 | D:10     | Noticed a two-headed ogre
 11851 | D:10     | Killed a two-headed ogre
 12164 | D:10     | Noticed a two-headed ogre
 12164 | D:10     | Noticed a six-headed hydra
 12175 | D:9      | Noticed a manticore
 12185 | D:9      | Killed a deep elf pyromancer
 12186 | D:9      | Identified the +6 broad axe of Zuuquto {flame, Will+}
 12208 | D:9      | Killed a tengu warrior
 12528 | Lair:1   | Killed an oklob plant
 12980 | Lair:2   | Reached skill level 13 in Stealth
 12981 | Lair:2   | Reached XP level 12. HP: 74/87 MP: 12/12
 12986 | Lair:2   | Reached ***** piety under Sif Muna
 13133 | Lair:2   | Reached skill level 10 in Dodging
 13206 | Lair:2   | Reached skill level 10 in Fighting
 13206 | Lair:2   | Reached skill level 10 in Short Blades
 13277 | Lair:2   | Found a staircase to the Shoals.
 13767 | Lair:2   | Found a staircase to the Shoals.
 14244 | Lair:3   | Reached skill level 1 in Spellcasting
 14244 | Lair:3   | Reached skill level 1 in Air Magic
 14761 | Lair:3   | Received a gift from Sif Muna
 14764 | Lair:3   | Got Sif Muna's Reference Book on Congealing Clay {god gift}
 14838 | Lair:3   | Learned a level 4 spell: Airstrike
 14852 | Lair:3   | Noticed a four-headed hydra
 15292 | Lair:3   | Killed a four-headed hydra
 15293 | Lair:3   | Reached skill level 1 in Invocations
 15446 | Lair:3   | Reached skill level 14 in Stealth
 15873 | Lair:4   | Found a transporter.
 15891 | Lair:4   | Noticed a six-headed hydra
 16399 | D:9      | Found a staircase to the Orcish Mines.
 16858 | D:9      | Identified the +6 quarterstaff of Wrath {vorpal, rC+ Will+
                  | Dex+3 Stlth-}
 16858 | D:9      | Noticed a centaur warrior
 17279 | D:8      | Reached XP level 13. HP: 58/93 MP: 17/17
 17877 | D:9      | Noticed Erica
 18315 | D:9      | Killed Erica
 19540 | D:9      | Found a staircase to the Orcish Mines.
 21719 | Lair:4   | Found a staircase to the Snake Pit.
 21731 | Lair:4   | Reached skill level 15 in Stealth
 22114 | Lair:4   | Reached skill level 5 in Air Magic
 22118 | Lair:4   | Found a transporter.
 22136 | Lair:4   | Found a bloodstained altar of Trog.
 22147 | Lair:4   | Reached skill level 5 in Invocations
 22167 | Lair:4   | Noticed pkoi's ghost (journeyman TrMo)
 22371 | D:7      | Bought a manual of Stealth for 1040 gold pieces
 23494 | Lair:4   | Reached skill level 5 in Spellcasting
 24106 | Lair:4   | Found a staircase to the Snake Pit.
 24130 | Lair:4   | Found a transporter.
 24139 | Lair:4   | Found a bloodstained altar of Trog.
 24156 | Lair:4   | Found a transporter.
 24480 | Lair:5   | Reached XP level 14. HP: 101/101 MP: 21/21
 24652 | Lair:4   | Received a gift from Sif Muna
 24655 | Lair:4   | Got Sif Muna's Reference Book on Spatial Creation {god
                  | gift}
 24686 | Lair:5   | Learned a level 1 spell: Apportation
 25258 | Lair:5   | Reached skill level 16 in Stealth
 26407 | Lair:6   | Entered Level 6 of the Lair of Beasts
 26557 | Lair:6   | Found a dark tunnel.
 26662 | Volcano  | Entered a volcano
 27137 | Volcano  | Noticed an orb of fire
 27321 | Volcano  | Noticed an orb of fire
 28780 | Lair:6   | Reached skill level 17 in Stealth
 29023 | Lair:6   | Found a staircase to the Slime Pits.
 29629 | Lair:6   | Reached XP level 15. HP: 91/108 MP: 23/25
 31488 | Orc:1    | Entered Level 1 of the Orcish Mines
 32231 | Orc:1    | Identified the +5 dagger of Nant {flame, Str+6}
 32307 | Orc:1    | Noticed an orc warlord
 32577 | Orc:1    | Received a gift from Sif Muna
 32578 | Orc:1    | Got Sif Muna's Incunabulum of Beguiling {god gift}
 33984 | D:11     | Reached skill level 18 in Stealth
 34317 | D:11     | Found a shadowy altar of Dithmenos.
 34813 | D:11     | Found a shadowy altar of Dithmenos.
 34926 | D:12     | Found Kur Luuj's Assorted Antiques.
 35004 | D:12     | Found a shimmering blue altar of Sif Muna.
 35010 | D:12     | Found a gate leading to a gauntlet.
 35011 | D:12     | Noticed Nessos
 35018 | Gauntlet | Entered a Gauntlet
 35018 | Gauntlet | Found a transporter.
 35018 | Gauntlet | Found a transporter.
 35117 | Gauntlet | Found a transporter.
 35121 | Gauntlet | Found a transporter.
 35129 | Gauntlet | Found a transporter.
 35133 | Gauntlet | Found a transporter.
 35142 | Gauntlet | Found a transporter.
 35162 | Gauntlet | Found a transporter.
 35179 | Gauntlet | Found a transporter.
 35183 | Gauntlet | Found a transporter.
 35191 | Gauntlet | Found a transporter.
 35195 | Gauntlet | Found a transporter.
 35288 | Gauntlet | Identified the -2 hat of the Stars {Int+3}
 35355 | Gauntlet | Identified the +3 helmet of Vioru {rF+ Regen+ Int+2 Stlth+}
 35424 | Gauntlet | Identified the +0 pair of boots of the Komodo Dragon {rF+
                  | rN+ Will+ Int-2}
 35836 | D:12     | Killed Nessos
 37383 | D:12     | Found Kur Luuj's Assorted Antiques.
 37455 | D:12     | Found a shimmering blue altar of Sif Muna.
 38937 | D:13     | Received a gift from Sif Muna
 38943 | D:13     | Got Sif Muna's Papyrus of Unstable Arcane Weapons {god
                  | gift}
 39048 | D:13     | Found a gate to the Vaults.
 39055 | D:13     | Reached XP level 16. HP: 108/116 MP: 7/28
 39063 | D:13     | Reached skill level 19 in Stealth
 40474 | D:14     | Noticed Josephine
 40909 | D:14     | Found Bywinnue's Antique Weapon Boutique.
 41169 | D:14     | Killed Josephine
 41382 | D:14     | Found a portal to a secret trove of treasure.
 41636 | D:14     | Found Bywinnue's Antique Weapon Boutique.
 41848 | D:15     | Entered Level 15 of the Dungeon
 42337 | D:15     | Found a staircase to the Depths.
 42728 | Depths:1 | Entered Level 1 of the Depths
 42745 | Depths:1 | Received a gift from Sif Muna
 42767 | Depths:1 | Noticed a lich
 43060 | D:6      | Killed Ravenswing17's ghost
 43061 | D:6      | Reached skill level 20 in Stealth
 43382 | Lair:4   | Killed pkoi's ghost
 44073 | Lair:4   | Identified the +0 scale mail "Bamompohocw" {Fly Str+3
                  | Int+7}
 44868 | Orc:2    | Entered Level 2 of the Orcish Mines
 44868 | Orc:2    | Found Iser's Antique Weapon Shoppe.
 44869 | Orc:2    | Found a staircase to the Elven Halls.
 44898 | Orc:2    | Reached skill level 10 in Invocations
 45014 | D:7      | Bought a manual of Fighting for 1040 gold pieces
 45603 | Orc:1    | Received a gift from Sif Muna
 45606 | Orc:1    | Got Bocwezxi's Reference Book on Supportive Intoxication
                  | {god gift}
 46623 | Orc:2    | Noticed Donald
 46631 | Orc:2    | Killed Donald
 46675 | Orc:2    | Found Paasio's Antique Armour Emporium.
 46675 | Orc:2    | Found Joenkud's Weapon Shop.
 47026 | Orc:2    | Found Joadywow's Book Emporium.
 47026 | Orc:2    | Found Wyfuxaergh's Antique Armour Shop.
 47130 | Orc:2    | Reached XP level 17. HP: 124/124 MP: 30/30
 47273 | Orc:2    | Found Iser's Antique Weapon Shoppe.
 47281 | Orc:2    | Found a staircase to the Elven Halls.
 47327 | Orc:2    | Found Paasio's Antique Armour Emporium.
 47327 | Orc:2    | Found Joenkud's Weapon Shop.
 47376 | Orc:2    | Found Joadywow's Book Emporium.
 47376 | Orc:2    | Found Wyfuxaergh's Antique Armour Shop.
 47689 | Shoals:1 | Entered Level 1 of the Shoals
 47783 | Shoals:1 | Noticed a kraken
 48130 | Shoals:1 | Acquired 686 gold pieces
 48443 | Shoals:1 | Reached skill level 10 in Air Magic
 49857 | Shoals:1 | Killed a kraken
 50405 | Shoals:2 | Noticed a kraken
 51039 | Shoals:2 | Reached skill level 5 in Shields
 51285 | Shoals:2 | Found Buocie Equirgh's Antique Armour Emporium.
 51319 | Shoals:2 | Acquired the ring "Fual Jod" {rPois rN+ Int+4}
 51639 | Shoals:2 | Reached skill level 21 in Stealth
 52891 | Shoals:2 | Found Buocie Equirgh's Antique Armour Emporium.
 53090 | Shoals:2 | Killed a kraken
 54158 | Shoals:3 | Noticed Ilsuiw
 54829 | Shoals:3 | Killed Ilsuiw
 56069 | Shoals:4 | Entered Level 4 of the Shoals
 56410 | Shoals:3 | Reached skill level 10 in Spellcasting
 56410 | Shoals:3 | Reached XP level 18. HP: 120/132 MP: 30/32
 57861 | Snake:1  | Entered Level 1 of the Snake Pit
 58329 | Depths:1 | Received a gift from Sif Muna
 58330 | Depths:1 | Reached skill level 15 in Fighting
 58330 | Depths:1 | Got Sif Muna's Tome of the Mutagenic Mountains {god gift}
 59053 | Depths:1 | Killed a lich
 60246 | Depths:1 | Found a runed translucent gate.
 60246 | Depths:1 | Found a runed translucent gate.
 60246 | Depths:1 | Found a runed translucent gate.
 60845 | Depths:1 | Found a gateway to Hell.
 61190 | Depths:1 | Found a runed translucent gate.
 61190 | Depths:1 | Found a runed translucent gate.
 61190 | Depths:1 | Found a runed translucent gate.
 61621 | Depths:2 | HP: 10/201 [spriggan berserker (26)]
 61622 | Depths:2 | Mangled by a spriggan berserker

Illustrated notes

Levels and vault maps discovered:
D:1:      dpeg_arrival_castle, layout_basic,
          shapermc_ecumenical_altar_hornbeckon, grunt_decor_cap, st_stairs_8
D:2:      layout_loops_ring, kennysheep_small_spiral, skrybe_limestone_x,
          minmay_tromino_v2, uniq_natasha, uniq_jessica
D:3:      layout_rooms
D:4:      layout_loops_cross, nicolae_wu_jian_wuxing_cycle
D:5:      layout_basic, minmay_temple_entry_large_hall
D:6:      layout_gridville, serial_glass, glass_columns_b, glass_columns_a,
          gammafunk_ghost_arena, uniq_pikel, uniq_crazy_yiuf_cottage,
          uniq_grinder
D:7:      layout_layer_cave, nicolae_shop_self_help
D:8:      layout_rooms, lair_entry_dummy, uniq_maurice
D:9:      minmay_the_grid_octo_tiled_squarecenter [minmay_the_grid_octo_clover,
          minmay_the_grid_octo_thin_diamonds, minmay_the_grid_octo_teeth,
          minmay_the_grid_octo_pinwheel,
          minmay_the_grid_square_5x5_megaprize_open,
          minmay_the_grid_square_5x5_eight_small,
          minmay_the_grid_square_5x5_three_small,
          minmay_the_grid_square_5x5_spiral,
          minmay_the_grid_square_5x5_inner_i], layout_rooms, uniq_erica
D:10:     layout_roguey, serial_ice, serial_ice_l, serial_ice_d, serial_ice_m,
          serial_ice_n, lightli_fourway_metalbox, uniq_sonja
D:11:     layout_basic, grunt_dithmenos_shadows
D:12:     layout_stronghold, serial_shops, nicolae_shop_waterfront,
          gauntlet_entry_generic, kennysheep_orc_sif_temple, uniq_nessos
D:13:     layout_grid_maze, grunt_vaults_entry_tiered
D:14:     layout_roguey, serial_shops, shop, nicolae_trove_entry_columns,
          hangedman_decor_points, kennysheep_decorative_pillar, uniq_josephine
D:15:     hangedman_depths_entry_try_elsewhere_first, layout_basic,
          minmay_misc_feat_plants, drop_trap, minmay_misc_feat_hallway
Temple:   regret_index_temple_sigil_plot
Lair:1:   layout_small_grid, minmay_lair_oklob_chamber
Lair:2:   layout_chaotic_city, elwin_shoals_entry_stream
Lair:3:   minmay_lair_oklob_tunnel, layout_cave_pods, minmay_stone_trees_small
Lair:4:   layout_long_grid, guppyfry_snake_entry_island,
          gammafunk_ghost_wrathful_warriors, eino_small_chamber_without_monster
Lair:5:   layout_regular_city
Lair:6:   gammafunk_lair_ancient_temple, layout_cave_pods,
          minmay_slime_entry_oklob_open, nicolae_volcano_entry_s_turn
Shoals:1: layout_shoals, abandoned_shop
Shoals:2: layout_shoals, serial_shops, shop
Shoals:3: layout_shoals, uniq_ilsuiw
Shoals:4: shoals_end_hellmonk_lost_city
Snake:1:  layout_misc_corridors, serial_shops, shop, serial_bayou_pond_b
Orc:1:    layout_caves, basic_altar, hellmonk_bongcloud_opening,
          nicolae_orc_sculptors_studio
Orc:2:    st_orc_town, layout_caves, serial_shops, shop, uniq_donald
Depths:1: layout_roguey, lightli_too_deep, kennysheep_cross_landing,
          pandoras_box_mu
Depths:2: spriggan_forest, serial_shops, hell_entry

Skill      XL: |  1  2  3  4  5  6  7  8  9 10 11 12 13 14 15 16 17 18 |
---------------+-------------------------------------------------------+-----
Stealth        | 3 4 5 6 7 9 11 13 14 15 17 18 20 21 | 21.5
Shields        | 1 2 3 4 6 |  6.5
Fighting       | 4 5 7 8 9 10 11 12 13 14 15 | 15.3
Short Blades   | 4 5 7 8 9 10 | 10.0
Dodging        | 4 5 7 8 9 10 11 12 13 14 | 14.5
Spellcasting   | 3 5 6 8 9 10 | 10.4
Air Magic      | 3 5 7 8 9 10 11 | 11.2
Invocations    | 2 5 7 9 10 11 | 11.7

Action                   |  1- 3 |  4- 6 |  7- 9 | 10-12 | 13-15 | 16-18 || total
-------------------------+-------+-------+-------+-------+-------+-------++-------
Melee: Short sword       |    55 |    56 |       |       |       |       ||   111
       Constrict         |    13 |    12 |    55 |    56 |    95 |   119 ||   350
       Tentacles         |     8 |    13 |   106 |   240 |   545 |   408 ||  1320
       Dagger            |       |    21 |   258 |   471 |  1165 |   934 ||  2849
Throw: Dart              |       |       |     2 |     7 |   138 |    13 ||   160
       Boomerang         |       |       |       |    59 |   133 |   141 ||   333
       Javelin           |       |       |       |     2 |    27 |    22 ||    51
 Cast: Apportation       |       |       |       |       |   214 |   111 ||   325
       Airstrike         |       |       |       |       |    53 |   240 ||   293
Invok: Channel Magic     |       |       |       |       |     1 |     4 ||     5
Evoke: Wand              |       |       |     7 |    75 |    25 |     6 ||   113
       Phantom mirror    |       |       |       |       |     2 |     3 ||     5
       Phial of floods   |       |       |       |       |       |     2 ||     2
       Condenser vane    |       |       |       |       |       |     1 ||     1
  Use: Scroll            |       |    10 |     8 |    11 |    18 |    17 ||    64
       Potion            |       |     2 |     3 |     2 |    12 |     6 ||    25
 Stab: Sleeping          |     8 |    16 |    19 |    20 |    67 |    84 ||   214
       Distracted        |       |       |     2 |     3 |    10 |     4 ||    19
       Invisible         |       |       |       |       |     1 |       ||     1
Armor: Skin              |     3 |     7 |       |     4 |     9 |    14 ||    37
Dodge: Dodged            |    35 |    19 |    81 |   135 |   409 |   461 ||  1140
Block: Buckler           |       |    10 |   123 |   194 |   419 |   457 ||  1203
       Reflection        |       |       |     3 |    11 |    17 |    42 ||    73
